 Dungeon Crawl Stone Soup version 0.26-a0-54-g15ccc7ae60 (webtiles) character file.

Game seed: 5777037464980389481

28 Hasart the Ruffian (level 2, 0/23 HPs)
             Began as a Draconian Transmuter on June 8, 2020.
             Slain by a worm (10 damage)
             ... on level 2 of the Dungeon.
             The game lasted 00:02:06 (1079 turns).

Hasart the Ruffian (Draconian Transmuter)           Turns: 1079, Time: 00:02:07

Health: 0/23       AC:  4    Str: 12    XL:     2   Next: 96%
Magic:  4/5        EV: 12    Int: 13    God:
Gold:   74         SH:  0    Dex: 11    Spells: 4/5 levels left

rFire    . . .     SeeInvis .     - Unarmed
rCold    . . .     Gourm    .   (no shield)
rNeg     . . .     Faith    .   (armour unavailable)
rPois    .         Spirit   .   (helmet restricted)
rElec    .         Reflect  .   (no cloak)
rCorr    .         Harm     .   (no gloves)
MR       .....                  (no boots)
Stlth    +.........             (no amulet)
HPRegen  0.07/turn              (no ring)
MPRegen  0.09/turn              (no ring)

@: appendage (expiring)
A: unfitting armour, horns 2, cold-blooded, AC +4
a: End Transformation


You were on level 2 of the Dungeon.
You were not hungry.
You had grown temporary horns.
You visited 1 branch of the dungeon, and saw 2 of its levels.

You collected 74 gold pieces.

Inventory:

Missiles
 a - 12 arrows
 d - 7 boomerangs
 i - 15 poisoned darts (quivered)
Scrolls
 e - a scroll of fog {unknown}
 f - a scroll of enchant armour {unknown}
 k - a scroll of remove curse {unknown}
Potions
 b - a potion of haste {unknown}
 g - a potion of curing {unknown}
 h - a potion of resistance {unknown}
Comestibles
 c - a ration
 j - 4 chunks of flesh


   Skills:
 + Level 1.5 Fighting
 + Level 0.5 Throwing
 + Level 2.0 Dodging
 * Level 3.4 Unarmed Combat
 + Level 2.1 Spellcasting
 + Level 2.3 Transmutations


You had 4 spell levels left.
You knew the following spells:

 Your Spells              Type           Power        Failure   Level  Hunger
a - Beastly Appendage     Tmut           #.....       10%         1    ##.....

Your spell library contained the following spells:

 Spells                   Type           Power        Failure   Level  Hunger
 Sticks to Snakes         Tmut           #.......     14%         2    ###....
 Spider Form              Tmut/Pois      #.........   43%         3    ####...
 Ice Form                 Ice/Tmut       #.......     83%         4    #####..
 Blade Hands              Tmut           #.........   95%         5    ######.


Dungeon Overview and Level Annotations

Branches:
Dungeon (2/15)

Altars:


Innate Abilities, Weirdness & Mutations

Your plain brown scales are hard. (AC +4)
You cannot fit into any form of body armour.
You are cold-blooded and may be slowed by cold attacks.
You have a pair of horns on your head.


Message History

Eating one of 5 chunks of flesh.
You eat one of the 5 chunks of flesh.
This raw flesh tastes terrible.
A worm comes into view.
A worm is nearby!
Found a stone staircase leading up.
Found a scroll labeled JIPPUA UVETH.
Casting: Beastly Appendage (safe; 10% risk of failure)
Confirm with . or Enter, or press ? or * to list all spells.
You grow a pair of large bovine horns.
The worm bites you!
You hit the worm.
The worm is moderately wounded.
You hit the worm.
The worm is moderately wounded.
The worm misses you.
You hit the worm.
The worm is heavily wounded.
Your transformation is almost over.
The worm bites you!
You die...

#. ###......###..#
#..#........## #...
#....#.......# #....
##......†....#.....#
......†...........
.......)....#.....
...............#.#
................<.
...=......@....#.#
......####w.......
.....< .........
.#.... ..........
.... ..##.....#? ...
.....# .... ......#
..## ......#


You could see a worm.

Vanquished Creatures
  An adder (D:2)
  4 bats (D:1)
  A giant cockroach (D:1)
  A goblin (D:2)
  4 hobgoblins
  2 kobolds (D:1)
  A ball python (D:2)
  A frilled lizard (D:1)
  3 rats
18 creatures vanquished.

Notes
Turn   | Place    | Note
-------+----------+-------------------------------------------
     0 | D:1      | Hasart the Draconian Transmuter began the quest for the
                  | Orb.
     0 | D:1      | Reached XP level 1. HP: 16/16 MP: 3/3
   428 | D:1      | Reached XP level 2. HP: 23/23 MP: 5/5
  1079 | D:2      | Slain by a worm

Illustrated notes

Levels and vault maps discovered:
D:1:      elethiomel_arrival_maze, layout_loops_ring, grunt_decor_arrowhead,
          corexii_corridor_pit
D:2:      layout_rooms, st_stairs_14

Skill      XL: |  1  2 |
---------------+-------+-----
Dodging        | 2 |  2.0
Fighting       | |  1.5
Throwing       | |  0.5
Unarmed Combat | |  3.4
Spellcasting   | |  2.1
Transmutations | |  2.3

Action                   || total
-------------------------++-------
Melee: Unarmed           ||    70
       Tailslap          ||     4
       Kick              ||     5
       Punch             ||     1
 Cast: Beastly Appendage ||     2
 Stab: Sleeping          ||     1
  Eat: Chunk             ||     1
Armor: Skin              ||    36
Dodge: Dodged            ||    37

Table legend:
 A = Non-vault XP
 B = Vault XP
 C = Vault XP percentage of total XP
 D = Non-vault monster count
 E = Vault monster count
 F = Vault count percentage of total count
                 A         B        C        D         E       F
            +---------+---------+-------+---------+---------+-------
      Total |      38 |       2 |   5.0 |      17 |       1 |   5.6
            +---------+---------+-------+---------+---------+-------
        D:1 |      17 |       0 |   0.0 |      11 |       0 |   0.0
        D:2 |      21 |       2 |   8.7 |       6 |       1 |  14.3
            +---------+---------+-------+---------+---------+-------
